 Dungeon Crawl Stone Soup version 0.24-a0-434-gd57e52fea8 (webtiles) character file.

Game seed: 5829296069145778391

55815 Azzok the Severer (level 15, -10/103 HPs)
             Began as a Formicid Fighter on June 16, 2019.
             Was a High Priest of Okawaru.
             Killed from afar by an oklob plant (14 damage)
             ... with a splash of acid
             ... on level 6 of the Lair of Beasts.
             The game lasted 00:37:12 (19592 turns).

Azzok the Severer (Formicid Fighter)               Turns: 19592, Time: 00:37:12

Health: -10/103    AC:  4    Str: 28    XL:     15   Next: 19%
Magic:  21/21      EV:  7    Int: 12    God:    Okawaru [*****.]
Gold:   1508       SH: 15    Dex: 10    Spells: 14/14 levels left

rFire    + . .     SeeInvis +   b - +3 broad axe (elec)
rCold    . . .     Gourm    .   T - +3 shield {AC+3}
rNeg     . . .     Faith    .   H - +0 plate armour
rPois    .         Spirit   .   (helmet unavailable)
rElec    .         Reflect  .   s - +1 cloak
rCorr    .         Harm     .   c - +0 pair of gloves "Etturchu" {Regen+ Int+2 SInv}
MR       +....                  C - +2 pair of boots
Stlth    ..........             D - amulet of regeneration
HPRegen  1.07/turn              n - ring of protection from fire
MPRegen  0.17/turn              I - ring "Ajisoash" {AC+3 Int+3}

@: corroded
A: permanent stasis, dig shafts and tunnels, four strong arms, antennae 3
a: Dig, Shaft Self, Heroism, Finesse, Renounce Religion


You were on level 6 of the Lair of Beasts.
You worshipped Okawaru.
Okawaru was extremely pleased with you.
You were not hungry.

You visited 3 branches of the dungeon, and saw 20 of its levels.

You collected 1508 gold pieces.

Inventory:

Hand Weapons
 a - a +4 scimitar of flaming
 b - a +3 broad axe of electrocution (weapon)
 M - a +2 battleaxe of electrocution
 N - the +5 battleaxe of Kismet {antimagic, Dex+2}
   (Okawaru gifted it to you on level 11 of the Dungeon)

   It reduces the magical energy of the wielder, and disrupts the spells and
   magical abilities of those hit.
   Natural abilities and divine invocations are not affected.
   It affects your dexterity (+2).
Armour
 c - the +0 pair of gloves "Etturchu" (worn) {Regen+ Int+2 SInv}
   (You found it on level 11 of the Dungeon)

   It affects your intelligence (+2).
   It lets you see invisible.
   It increases your rate of regeneration.
 q - the +8 chain mail "Puifril" {rElec rCorr Slay+3, unknown}
   (You found it on level 6 of the Lair of Beasts)

   It affects your accuracy and damage with ranged weapons and melee attacks
   (+3).
   It insulates you from electricity.
   It provides partial protection from all sources of acid and corrosion.
 s - a +1 cloak (worn)
 C - a +2 pair of boots (worn)
 H - a +0 plate armour (worn)
 T - a +3 shield of protection (worn)
Jewellery
 n - a ring of protection from fire (left hand)
 D - an amulet of regeneration (around neck)
 F - an uncursed ring of protection from fire
 I - the ring "Ajisoash" (right hand) {AC+3 Int+3}
   (You found it on level 8 of the Dungeon)

   [ring of protection]

   It affects your AC (+3).
   It affects your intelligence (+3).
 O - a +4 ring of evasion
 Y - an uncursed ring of protection from cold
Wands
 z - a wand of digging (5)
 J - a wand of iceblast (8)
 U - a wand of acid (6)
 Z - a wand of paralysis (11)
Scrolls
 k - 3 scrolls of enchant weapon
 o - a scroll of enchant armour
 p - 2 scrolls of immolation
 r - 6 scrolls of magic mapping
 w - 2 scrolls of torment
 y - 6 scrolls of remove curse
Potions
 d - 2 potions of might
 e - 4 potions of flight {unknown}
 g - 2 potions of agility {unknown}
 h - 2 potions of ambrosia {unknown}
 l - 9 potions of curing
 m - 4 potions of haste {unknown}
 t - 6 potions of brilliance {unknown}
 v - 2 potions of cancellation {unknown}
 B - 5 potions of lignification
 E - 4 potions of heal wounds
 G - a potion of mutation {!q}
 L - a potion of magic {unknown}
 S - a potion of invisibility
Miscellaneous
 i - 2 sacks of spiders
 P - a lightning rod (1/4)
 R - a lamp of fire (inert)
Comestibles
 f - 27 rations
 j - 16 chunks of flesh


   Skills:
 - Level 5.0 Fighting
 + Level 19.8 Axes
 - Level 5.0 Armour
 - Level 9.0 Shields
 - Level 9.0 Invocations
 - Level 9.1 Evocations


You had 14 spell levels left.
You didn't know any spells.
Your spell library contained the following spells:

 Spells                   Type           Power        Failure   Level  Hunger
 Flame Tongue             Conj/Fire      #....        98%         1    ##.....
 Freeze                   Ice            #...         98%         1    ##.....
 Summon Small Mammal      Summ           #...         98%         1    ##.....
 Call Imp                 Summ           #.......     99%         2    ###....
 Poisonous Vapours        Pois/Air       #.....       99%         2    ###....
 Throw Flame              Conj/Fire      #.....       99%         2    ###....
 Throw Frost              Conj/Ice       #.....       99%         2    ###....
 Call Canine Familiar     Summ           #.......     100%        3    ####...
 Conjure Flame            Conj/Fire      #.......     100%        3    ####...
 Inner Flame              Hex/Fire       #.......     100%        3    ####...
 Mephitic Cloud           Conj/Pois/Air  #.......     100%        3    ####...
 Ozocubu's Armour         Chrm/Ice       #.......     100%        3    ####...
 Recall                   Summ/Tloc      N/A          100%        3    ####...
 Static Discharge         Conj/Air       #.......     100%        3    ####...
 Summon Guardian Golem    Hex/Summ       #.......     100%        3    ####...
 Animate Dead             Necr           N/A          100%        4    #####..
 Ice Form                 Ice/Tmut       #.......     100%        4    #####..
 Sticky Flame             Conj/Fire      #.......     100%        4    #####..
 Summon Ice Beast         Ice/Summ       #.......     100%        4    #####..
 Summon Lightning Spire   Summ/Air       #.......     100%        4    #####..
 Throw Icicle             Conj/Ice       #.......     100%        4    #####..
 Borgnjor's Vile Clutch   Necr/Erth      #.........   100%        5    ######.
 Fireball                 Conj/Fire      #.........   100%        5    ######.
 Lightning Bolt           Conj/Air       #.........   100%        5    ######.
 Metabolic Englaciation   Hex/Ice        #.........   100%        5    ######.
 Bolt of Cold             Conj/Ice       #.........   100%        6    #######
 Death Channel            Necr           #.........   100%        6    #######
 Freezing Cloud           Conj/Ice/Air   #.........   100%        6    #######
 Ozocubu's Refrigeration  Ice            #.........   100%        6    #######
 Simulacrum               Ice/Necr       #.........   100%        6    #######
 Ring of Flames           Chrm/Fire      #.........   100%        7    #######
 Ignition                 Fire           #.........   100%        8    #######
 Shatter                  Erth           #.........   100%        9    #######
 Tornado                  Air            #.........   100%        9    #######


Dungeon Overview and Level Annotations

Branches:
Dungeon (13/15)            Temple (1/1) D:6            Lair (6/6) D:10
 Shoals (0/4) Lair:3       Spider (0/4) Lair:3        Slime (0/5) Lair:5
    Orc (0/2) D:10
 Vaults: D:13-14

Altars:
Ashenzari
Cheibriados
Dithmenos
Elyvilon
Fedhas
Gozag
Hepliaklqana
Kikubaaqudgha
Makhleb
Nemelex Xobeh
Okawaru
Qazlal
Ru
Sif Muna
Trog
Uskayaw
Vehumet
Wu Jian
Xom
Yredelemnul
Zin
The Shining One

Shops:
D:4 :

Annotations:
D:3 2 transporters, EWolf's ghost, weakling GrEE
D:12 2 transporters, SnubMonkey's ghost, journeyman TrWz
Lair:1 3 runed translucent doors, Umiorowk's ghost, journeyman KoGl
Lair:6 exclusion: 3 oklob plants


Innate Abilities, Weirdness & Mutations

You cannot be hasted, slowed, berserked, paralysed or teleported.
You can dig through walls and to a lower floor.
Your four strong arms can wield two-handed weapons with a shield.
You have a pair of large antennae on your head. (SInv)


Message History

The oklob plant is almost destroyed.
The oklob plant spits acid at you. The splash of acid hits you!
* * * LOW HITPOINT WARNING * * *
You are splashed with acid!
* * * LOW HITPOINT WARNING * * *
You feel much better. The oklob plant spits acid at you.
The splash of acid hits you.
* * * LOW HITPOINT WARNING * * *
You are splashed with acid.
* * * LOW HITPOINT WARNING * * *
The oklob plant spits acid at you. The splash of acid hits you!
* * * LOW HITPOINT WARNING * * *
The acid corrodes you!
You are splashed with acid!
* * * LOW HITPOINT WARNING * * *
The oklob plant spits acid at you. The splash of acid hits you!
You die...

◦◦◦◦◦◦◦··························
◦◦◦◦◦◦◦··························
░░◦░░◦◦·······················P··
░░░◦░░◦·········▒··P··▒····÷·····
░░░◦◦·········▒$)··:▒··········
░░░·········▒!/$?!▒·········▒
░░······▒··▒·$···▒·······^·▒
░◦······▒▒·▒P··?P▒··P·▒▒▒·▒▒
░░▒▒▒·▒·▒··@·?P%$····▒▒ ▒▒▒
▒▒▒░▒▒P▒▒▒▒▒▒▒·P▒░ ▒▒▒ ▒·P░ ░◦░░
░░░


You could see 3 oklob plants.

Vanquished Creatures
  Snorg (D:10)
  Josephine (D:10)
  8 hydras
  A centaur warrior (D:11)
  A death yak (Lair:6)
  4 two-headed ogres
  Nergalle (D:10)
  A fire crab (Lair:5)
  2 unseen horrors
  A necromancer (Lair:2)
  Pikel (D:5)
  A wolf spider (D:11)
  An oklob plant (Lair:6)
  3 ugly things
  A manticore (D:10)
  A cyclops (D:11)
  4 elephants
  5 black mambas
  8 spiny frogs
  A rime drake (Lair:3)
  10 komodo dragons
  An efreet (D:10)
  2 jumping spiders (Lair:3)
  A merfolk (Lair:3)
  11 blink frogs
  5 hornets
  3 polar bears (Lair:6)
  6 hippogriffs
  4 dream sheep (Lair:6)
  Sigmund (D:2)
  A redback (Lair:3)
  A vampire (D:11)
  14 spriggans
  3 water elementals (D:12)
  5 wyverns
  16 yaks
  5 wraiths
  2 basilisks
  A human (D:7)
  3 hogs (D:7)
  2 steam dragons
  3 hungry ghosts
  Edmund (D:4)
  15 water moccasins
  7 orc warriors
  11 porcupines
  4 sky beasts
  3 ice beasts
  4 slaves (D:5)
  6 black bears
  3 phantoms
  2 eyes of draining (D:11)
  13 centaurs
  4 boggarts (Lair:6)
  39 wolves
  7 ogres
  14 crocodiles
  15 bullfrogs
  A wyvern skeleton (D:12)
  3 scorpions
  A water moccasin skeleton (D:8)
  10 killer bees
  5 electric eels (D:12)
  3 wights (D:7)
  3 howler monkeys
  12 crimson imps
  4 centaur zombies
  6 orc priests
  21 orc wizards
  4 jellies
  A bullfrog zombie (D:10)
  A centaur skeleton (D:8)
  5 hounds
  2 bullfrog skeletons
  Jessica (D:2)
  2 yak simulacra (Lair:2)
  Natasha (twice) (D:2)
  14 worker ants
  2 iguanas
  3 polar bear simulacra (Lair:2)
  3 wolf simulacra (Lair:2)
  A worker ant zombie (D:11)
  Robin (D:4)
  A howler monkey zombie (D:11)
  11 adders
  5 gnolls
  A howler monkey skeleton (D:6)
  2 shadow imps
  2 oozes (D:3)
  2 adder skeletons
  2 dart slugs (D:1)
  9 leopard geckos
  53 orcs
  6 giant cockroaches
  20 goblins
  8 hobgoblins
  7 jackals
  6 kobolds
  7 quokkas
  8 bats
  6 frilled lizards
  A jackal skeleton (D:5)
  A leopard gecko zombie (D:5)
  A quokka skeleton (D:10)
  8 rats
  3 river rat simulacra (Lair:2)
  2 fungi
  2 plants
580 creatures vanquished.

Vanquished Creatures (others)
  An orc wizard (D:7)
  A fungus (D:10)
  9 plants
11 creatures vanquished.

Grand Total: 591 creatures vanquished

Notes
Turn   | Place    | Note
-------+----------+-------------------------------------------
     0 | D:1      | Azzok the Formicid Fighter began the quest for the Orb.
     0 | D:1      | Reached XP level 1. HP: 18/18 MP: 1/1
    49 | D:1      | Reached XP level 2. HP: 13/24 MP: 2/2
   624 | D:1      | Reached XP level 3. HP: 29/29 MP: 3/3
  1108 | D:2      | Reached skill level 3 in Axes
  1176 | D:2      | Reached XP level 4. HP: 26/35 MP: 4/4
  1264 | D:2      | Noticed Jessica
  1288 | D:2      | Killed Jessica
  1288 | D:2      | Reached skill level 5 in Shields
  1351 | D:2      | Noticed Natasha
  1718 | D:2      | Killed Natasha
  1718 | D:2      | Reached XP level 5. HP: 41/41 MP: 5/5
  1808 | D:2      | Noticed Sigmund
  1818 | D:2      | Killed Sigmund
  1818 | D:2      | Reached skill level 4 in Axes
  1818 | D:2      | Reached XP level 6. HP: 39/47 MP: 6/6
  1916 | D:2      | Found a white marble altar of Elyvilon.
  2257 | D:2      | Noticed Natasha
  2268 | D:2      | Killed Natasha
  2509 | D:3      | Noticed a necrophage
  2511 | D:3      | Found a transporter.
  2511 | D:3      | Noticed EWolf's ghost (weakling GrEE)
  2516 | D:3      | Found a transporter.
  3097 | D:3      | Found a faded altar of an unknown god.
  3220 | D:4      | Noticed Robin
  3226 | D:3      | Reached skill level 5 in Axes
  3277 | D:4      | Killed Robin
  3277 | D:4      | Reached XP level 7. HP: 52/52 MP: 7/7
  3357 | D:4      | Found Acagh's Book Shoppe.
  3459 | D:4      | Noticed Edmund
  3474 | D:4      | Killed Edmund
  3842 | D:5      | Entered Level 5 of the Dungeon
  3963 | D:5      | Reached skill level 6 in Axes
  3963 | D:5      | Reached XP level 8. HP: 44/58 MP: 8/8
  4052 | D:5      | Noticed a yak
  4078 | D:5      | Killed a yak
  4770 | D:5      | Reached skill level 7 in Axes
  4832 | D:5      | Reached skill level 1 in Evocations
  5259 | D:6      | Found a staircase to the Ecumenical Temple.
  5292 | D:6      | HP: 2/58 [orc warrior/+0 mace (8)]
  5372 | D:6      | Reached XP level 9. HP: 38/64 MP: 9/11
  5422 | Temple   | Entered the Ecumenical Temple
  5586 | D:6      | Reached skill level 8 in Axes
  5865 | D:6      | Found a sparkling altar of Nemelex Xobeh.
  5876 | D:6      | Found a glowing silver altar of Zin.
  5880 | D:6      | Found a stormy altar of Qazlal.
  5880 | D:6      | Found an iron altar of Okawaru.
  5881 | D:6      | Found an ancient bone altar of Kikubaaqudgha.
  5882 | D:6      | Found a hazy altar of Hepliaklqana.
  5883 | D:6      | Found a shattered altar of Ashenzari.
  5884 | D:6      | Found a sacrificial altar of Ru.
  5888 | D:6      | Became a worshipper of Warmaster Okawaru
  5935 | D:6      | Noticed Pikel
  6054 | D:5      | Killed Pikel
  6054 | D:5      | Reached skill level 5 in Evocations
  6075 | D:6      | Reached * piety under Okawaru
  6677 | D:7      | Reached skill level 9 in Axes
  6688 | D:7      | Reached XP level 10. HP: 54/70 MP: 14/14
  6700 | D:7      | Reached skill level 5 in Invocations
  6755 | D:7      | Reached ** piety under Okawaru
  7007 | D:7      | Found a shadowy altar of Dithmenos.
  7948 | D:8      | Reached skill level 10 in Axes
  7950 | D:8      | Found a glowing golden altar of the Shining One.
  7983 | D:8      | Reached *** piety under Okawaru
  8054 | D:8      | Got a coiled steel ring
  8062 | D:8      | Identified the ring "Ajisoash" {AC+3 Int+3} (You found it
                  | on level 8 of the Dungeon)
  8482 | D:9      | Reached XP level 11. HP: 40/75 MP: 14/17
  9008 | D:9      | Reached **** piety under Okawaru
  9418 | D:10     | Entered Level 10 of the Dungeon
  9418 | D:10     | Found a staircase to the Lair.
  9418 | D:10     | Noticed an elephant
  9564 | D:10     | Noticed Snorg
  9570 | D:10     | Killed Snorg
  9783 | D:10     | Noticed Josephine
  9788 | D:10     | Killed Josephine
  9788 | D:10     | Reached skill level 11 in Axes
 10026 | D:10     | Noticed Nergalle
 10055 | D:10     | Killed Nergalle
 10055 | D:10     | Reached ***** piety under Okawaru
 10288 | D:10     | Found a staircase to the Orcish Mines.
 10338 | D:10     | Noticed a manticore
 10349 | D:10     | Killed a manticore
 10349 | D:10     | Reached skill level 5 in Armour
 10437 | D:10     | Reached skill level 12 in Axes
 10583 | D:10     | Reached XP level 12. HP: 81/81 MP: 18/18
 10615 | D:10     | Noticed a two-headed ogre
 10632 | D:10     | Killed a two-headed ogre
 10693 | D:10     | Reached skill level 5 in Fighting
 10948 | D:11     | Noticed a two-headed ogre
 10953 | D:11     | Killed a two-headed ogre
 10982 | D:11     | Found a gate leading to a gauntlet.
 10982 | D:11     | Noticed a two-headed ogre
 10991 | D:11     | Killed a two-headed ogre
 10991 | D:11     | Received a gift from Okawaru
 10991 | D:11     | Reached skill level 13 in Axes
 11450 | D:11     | Noticed a centaur warrior
 11459 | D:11     | Killed a centaur warrior
 11799 | D:11     | Found a blossoming altar of Fedhas.
 11834 | D:11     | Received a gift from Okawaru
 11834 | D:11     | Reached skill level 14 in Axes
 11840 | D:11     | Got a jewelled battleaxe {god gift}
 11895 | D:11     | Noticed an unseen horror
 11910 | D:11     | Killed an unseen horror
 11961 | D:11     | Noticed a two-headed ogre
 11980 | D:11     | Killed a two-headed ogre
 11980 | D:11     | Reached XP level 13. HP: 91/91 MP: 17/19
 12025 | D:11     | Got a pair of polished gloves
 12696 | D:12     | Reached skill level 15 in Axes
 12857 | D:12     | Found a transporter.
 12863 | D:12     | Noticed SnubMonkey's ghost (journeyman TrWz)
 12869 | D:12     | Found a transporter.
 13101 | D:12     | You fall into a shaft and drop 1 floor!
 13625 | Lair:1   | Entered Level 1 of the Lair of Beasts
 13762 | Lair:1   | Reached ****** piety under Okawaru
 13912 | Lair:1   | Found a runed translucent gate.
 13912 | Lair:1   | Noticed a five-headed hydra
 13913 | Lair:1   | Found a runed translucent gate.
 13913 | Lair:1   | Noticed Umiorowk's ghost (journeyman KoGl)
 13914 | Lair:1   | Found a runed translucent gate.
 13919 | Lair:1   | Noticed a five-headed hydra
 13934 | Lair:1   | Received a gift from Okawaru
 13934 | Lair:1   | Reached skill level 16 in Axes
 14551 | Lair:2   | Received a gift from Okawaru
 14705 | Lair:2   | Found an ancient bone altar of Kikubaaqudgha.
 15371 | Lair:2   | Identified the +0 pair of gloves "Etturchu" {Regen+ Int+2
                  | SInv} (You found it on level 11 of the Dungeon)
 15830 | Lair:3   | You fall into a shaft and drop 3 floors!
 15830 | Lair:6   | Entered Level 6 of the Lair of Beasts
 15830 | Lair:6   | Noticed a seven-headed hydra
 15840 | Lair:6   | Killed a three-headed hydra
 15894 | Lair:6   | Reached skill level 17 in Axes
 15919 | Lair:6   | Reached XP level 14. HP: 70/98 MP: 20/20
 15941 | Lair:6   | Received a gift from Okawaru
 15942 | Lair:6   | Found the +14 obsidian axe {chop, +Fly SInv *Curse}
 16175 | Lair:3   | Found a hole to the Spider Nest.
 16243 | Lair:3   | Identified the +5 battleaxe of Kismet {antimagic, Dex+2}
                  | (Okawaru gifted it to you on level 11 of the Dungeon)
 16605 | Lair:3   | Found a staircase to the Shoals.
 17721 | Lair:5   | Reached skill level 18 in Axes
 17772 | Lair:5   | Received a gift from Okawaru
 17773 | Lair:5   | Found a staircase to the Slime Pits.
 18666 | Lair:6   | Received a gift from Okawaru
 18764 | Lair:6   | Reached skill level 19 in Axes
 19130 | Lair:6   | Reached XP level 15. HP: 103/103 MP: 21/21
 19553 | Lair:6   | Got a dazzling chain mail
 19590 | Lair:6   | HP: 3/103 [acid (12)]
 19592 | Lair:6   | Killed from afar by an oklob plant

Levels and vault maps discovered:
D:1:      roderic_crossed_star, layout_basic, minivault_23
D:2:      layout_basic, elyvilon_altar_5, first_ration, uniq_sigmund,
          uniq_jessica, uniq_natasha
D:3:      layout_loops_corners, gammafunk_ghost_mausoleum,
          chequers_ecumenical_altar_grove
D:4:      layout_basic, serial_shops, kennysheep_mini, minmay_misc_feat_five,
          uniq_edmund, uniq_robin
D:5:      minmay_razor_zed, layout_basic, serial_rivers,
          chequers_serial_rivers_small_3, chequers_serial_rivers_room_a,
          chequers_serial_rivers_small_b, chequers_serial_rivers_large_a,
          chequers_serial_rivers_micro_a, minmay_fractal_squares_5
D:6:      layout_layer_cave, minitemple, minmay_temple_entry_antechambers,
          uniq_pikel
D:7:      layout_loops_corners, nicolae_overflow_crystal_walls, grunt_livestock
D:8:      layout_basic, lemuel_doored_altar
D:9:      layout_basic, hangedman_abyss_or_decor_lesser_grid
D:10:     layout_loops_corners, david_lair_generic, hiddenorc1_lemuel,
          minmay_bent, uniq_snorg, uniq_josephine, uniq_nergalle
D:11:     minmay_the_grid_triangle_9x9_rhombus_full
          [minmay_the_grid_triangle_9x9_minimal,
          minmay_the_grid_triangle_9x9_longest,
          minmay_the_grid_triangle_9x9_windchime,
          minmay_the_grid_triangle_9x9_shrine,
          minmay_the_grid_triangle_9x9_sparse_checkered,
          minmay_the_grid_triangle_9x9_sprig,
          minmay_the_grid_triangle_9x9_pentomino_pain,
          minmay_the_grid_triangle_9x9_prize_insulated], layout_layer_cave,
          gauntlet_entry_generic, hex_large
D:12:     layout_basic, gammafunk_ghost_hive, minmay_misc_feat_roman,
          ebering_dispersal_statue_hall, minmay_misc_feat_secret_circle,
          statue_in_the_mist_lemuel
D:13:     layout_basic, david_vaults_2, ebering_ghost_rock_garden, drop_trap
Temple:   jpeg_temple_clearing
Lair:1:   statuecave_lemuel, layout_small_grid, gammafunk_ghost_split,
          serial_bayou_shore_b
Lair:2:   layout_gridlike, basic_altar, minmay_hedge_maze,
          eino_house_with_fridge, infiniplex_staircase_pool_2,
          grunt_megastairs_5
Lair:3:   layout_regular_city, elwin_shoals_entry_rooms, spider_nest_entry_a,
          beast_lair_carwin_9
Lair:4:   layout_cave_pods
Lair:5:   layout_regular_city, slime_dummy
Lair:6:   minmay_lair_end_enchanted_forest, layout_hall_layers,
          wad_woods_road_03, minmay_lair_oklob_chamber

Skill      XL: |  1  2  3  4  5  6  7  8  9 10 11 12 13 14 |
---------------+-------------------------------------------+-----
Shields        | 4 5 6 7 9 |  9.0
Axes           | 3 4 5 6 7 9 10 12 14 17 19 | 19.8
Evocations     | 3 6 8 9 |  9.1
Invocations    | 4 7 9 |  9.0
Armour         | 5 |  5.0
Fighting       | 5 |  5.0

Action                   |  1- 3 |  4- 6 |  7- 9 | 10-12 | 13-15 || total
-------------------------+-------+-------+-------+-------+-------++-------
Melee: War axe           |    78 |   159 |   386 |   401 |       ||  1024
       Unarmed           |       |     3 |       |       |       ||     3
       Dagger            |       |       |    24 |       |       ||    24
       Battleaxe         |       |       |       |   262 |       ||   262
       Broad axe         |       |       |       |   123 |   778 ||   901
       Scimitar          |       |       |       |       |    57 ||    57
Invok: Heroism           |       |       |       |     7 |     6 ||    13
       Finesse           |       |       |       |       |     2 ||     2
Evoke: Wand              |       |       |       |    11 |    18 ||    29
       Lightning rod     |       |       |       |       |     5 ||     5
       Lamp of fire      |       |       |       |       |     1 ||     1
  Use: Scroll            |       |       |     6 |     3 |    20 ||    29
       Potion            |       |       |       |       |     1 ||     1
  Eat: Chunk             |     1 |     7 |     7 |    20 |    21 ||    56
       Ration            |       |       |     2 |       |     2 ||     4
Armor: Scale mail        |    33 |    11 |       |       |       ||    44
       Skin              |       |     6 |       |       |       ||     6
       Chain mail        |       |    43 |   102 |       |       ||   145
       Plate armour      |       |       |    81 |   360 |   354 ||   795
Dodge: Dodged            |    21 |    58 |    79 |   173 |   186 ||   517
Block: Shield            |    56 |    87 |   231 |   507 |   527 ||  1408
       Rpst.: Scimitar   |       |       |       |       |     2 ||     2

Table legend:
 A = Non-vault XP
 B = Vault XP
 C = Vault XP percentage of total XP
 D = Non-vault monster count
 E = Vault monster count
 F = Vault count percentage of total count
                 A         B        C        D         E       F
            +---------+---------+-------+---------+---------+-------
      Total |   53063 |   26674 |  33.5 |     417 |     156 |  27.2
            +---------+---------+-------+---------+---------+-------
        D:1 |      52 |       0 |   0.0 |      22 |       0 |   0.0
        D:2 |      87 |     310 |  78.1 |      20 |       3 |  13.0
        D:3 |      45 |      18 |  28.6 |      19 |       9 |  32.1
        D:4 |      72 |     182 |  71.7 |       3 |       3 |  50.0
        D:5 |     557 |    1013 |  64.5 |      22 |      13 |  37.1
        D:6 |    1291 |       0 |   0.0 |      33 |       0 |   0.0
        D:7 |    1124 |     982 |  46.6 |      19 |       5 |  20.8
        D:8 |    1689 |       0 |   0.0 |      26 |       0 |   0.0
        D:9 |    1678 |       0 |   0.0 |      29 |       0 |   0.0
       D:10 |    3009 |    5797 |  65.8 |      21 |      35 |  62.5
       D:11 |    5503 |    4319 |  44.0 |      45 |      15 |  25.0
       D:12 |    2947 |       0 |   0.0 |      25 |       0 |   0.0
       D:13 |    1547 |       0 |   0.0 |       6 |       0 |   0.0
     Lair:1 |    3592 |       0 |   0.0 |      16 |       0 |   0.0
     Lair:2 |    2985 |    1014 |  25.4 |      14 |      13 |  48.1
     Lair:3 |    2889 |    1915 |  39.9 |      11 |       9 |  45.0
     Lair:4 |    3407 |       0 |   0.0 |      16 |       0 |   0.0
     Lair:5 |    4950 |     550 |  10.0 |      23 |       3 |  11.5
     Lair:6 |   15639 |   10574 |  40.3 |      47 |      48 |  50.5
            +---------+---------+-------+---------+---------+-------
